 Dungeon Crawl Stone Soup version 0.30-a0-939-gc8157cb160 (webtiles) character file.

Game seed: 59935208115848943

105 fozzywoppz the Digger (level 4, -1/24 HPs)
             Began as a Gargoyle Earth Elementalist on Mar 25, 2023.
             Killed by divine providence
             ... invoked by an orc priest
              (8 damage)
             ... on level 3 of the Dungeon.
             The game lasted 00:08:40 (1951 turns).

fozzywoppz the Digger (Gargoyle Earth Elementalist) Turns: 1951, Time: 00:08:40

Health: -1/24      AC:  9    Str: 12    XL:     4   Next: 83%
Magic:  5/8        EV: 12    Int: 17    God:
Gold:   127        SH:  0    Dex: 10    Spells: 2/8 levels left

rFire   . . .      SeeInvis .    (no weapon)
rCold   . . .      Faith    .    (no shield)
rNeg    + . .      Spirit   .    a - +0 robe
rPois   ∞          Reflect  .    l - +0 helmet
rElec   +          Rampage  .    (no cloak)
rCorr   +                        d - +2 pair of gloves
Will    .....                    (no boots)
Stlth   ++                       (no amulet)
HPRegen 0.24/turn                f - ring of resist corrosion
MPRegen 0.11/turn                (no ring)

@: no status effects
A: sickness immunity, AC +3, negative energy resistance 1, electricity
resistance, torment resistance 1, petrification resistance
a: no special abilities


You were on level 3 of the Dungeon.
You visited 1 branch of the dungeon, and saw 4 of its levels.

You collected 127 gold pieces.

Inventory:

Armour
 a - a +0 robe (worn)
 d - a +2 pair of gloves (worn)
 l - a +0 helmet (worn)
Jewellery
 f - a ring of resist corrosion (left hand)
 o - a ring of flight
Scrolls
 c - a scroll of teleportation {unknown}
 i - a scroll of fog {unknown}
 n - a scroll of identify {unknown}
Potions
 b - a potion of magic
 e - 3 potions of flight {unknown}
 g - a potion of curing {unknown}
 h - a potion of resistance {unknown}
 j - a potion of attraction {unknown}
 k - a potion of invisibility {unknown}
 m - a potion of degeneration {unknown}


   Skills:
 - Level 2.0 Dodging
 - Level 3.0 Stealth
 + Level 2.8 Spellcasting
 + Level 1.8 Transmutations
 + Level 4.5 Earth Magic


You had 2 spell levels left.
You knew the following spells:

 Your Spells              Type           Power      Damage    Failure   Level
a - Sandblast             Erth           34%        2d9       2%          1
b - Passwall              Tmut/Erth      10%        N/A       8%          2
c - Stone Arrow           Conj/Erth      20%        3d8       22%         3

Your spell library contained the following spells:

 Spells                   Type           Power      Damage    Failure   Level
 Blink                    Tloc           4%         N/A       26%         2
 Lesser Beckoning         Tloc           4%         N/A       26%         2
 Momentum Strike          Conj/Tloc      4%         3d8       26%         2
 Petrify                  Tmut/Erth      13%        N/A       43%         4


Dungeon Overview and Level Annotations

Branches:
Dungeon (4/15)
 Temple: D:4-7

Altars:
Kikubaaqudgha

Shops:
D:4 (


Innate Abilities, Weirdness & Mutations

You are immune to sickness and miasma.
Your stone body is resilient. (AC +3)
You are immune to poison.
You resist negative energy. (rN+)
You are resistant to electric shocks. (rElec)
You are resistant to unholy torment.
You are immune to petrification.


Message History

An orc comes into view. It is wielding a +0 short sword.
There are no items here.
There are no items here.
There are no items here.
Attack: -) Nothing wielded
Press: ? - help, Dir - move target, f/p - orc
Aim: an orc, wielding a +0 mace and wearing a +0 leather armour (about 46% to evade your hands)
Okay, then.
The orc hits you with a +0 mace.
There are no items here.
The orc hits you with a +0 mace. The orc attacks as you move away!
The orc hits you but does no damage. The orc attacks as you move away!
The orc hits you with a +0 mace.
A jackal comes into view.
The orc priest calls down the wrath of Beogh upon you.
Beogh smites you!
Ouch! That really hurt!
* * * LOW HITPOINT WARNING * * *
The jackal moves out of view.
A jackal comes into view.
Okay, then.
Casting: Sandblast (safe; 2% risk of failure)
Confirm with . or Enter, or press ? or * to list all spells.
Aiming: Sandblast (safe; 2% risk of failure)
Press: ? - help, Shift-Dir - straight line, f/p - orc
Aim: an orc, wielding a +0 mace and wearing a +0 leather armour (82% to hit)
The blast of sand hits the orc!
You kill the orc!
The jackal barks! x2
A jackal comes into view.
Casting: Sandblast (safe; 2% risk of failure)
Confirm with . or Enter, or press ? or * to list all spells.
Aiming: Sandblast (safe; 2% risk of failure)
Press: ? - help, Shift-Dir - straight line, f - orc
Aim: an orc, wielding a +0 short sword and wearing a +0 leather armour (82% to hit)
The blast of sand hits the orc but does no damage.
The jackal barks!
The orc shouts!
The orc priest calls down the wrath of Beogh upon you.
Beogh smites you!
You die...

#.......#####......#......##
#..#.............####......# #
#.###.......#..#.#PP.P..# ...
##..h...##.#.#####..# ....#
##........#....#...†.# ....
##.....hh.....#.####†## # ...
#..........#.........###.###
#......................†....
#....(.....@o.o.....#.##....
#...<[......................
#...........................
#..........#.........#......
............##......o.........
~.~~.........(............_..#!
~~~.~.~~~.....##........#..#.o
≈≈≈~P~~≈~.~....#...........#..o
~≈≈≈≈≈≈≈~~.)...#


You could see an orc priest, 2 orcs and 3 jackals.

Vanquished Creatures
  An orc wizard (D:3)
  An adder (D:2)
  2 worms
  2 dart slugs
  3 orcs
  4 endoplasms
  3 giant cockroaches
  2 goblins (D:1)
  6 hobgoblins
  2 jackals (D:4)
  4 kobolds
  5 quokkas
  2 ball pythons (D:3)
  2 bats
  8 frilled lizards (D:3)
  8 rats
55 creatures vanquished.

Vanquished Creatures (others)
  An endoplasm (D:3)
  3 plants (D:3)
4 creatures vanquished.

Grand Total: 59 creatures vanquished

Notes
Turn   | Place    | Note
-------+----------+-------------------------------------------
     0 | D:1      | fozzywoppz the Gargoyle Earth Elementalist began the quest
                  | for the Orb.
     0 | D:1      | Reached XP level 1. HP: 10/10 MP: 3/3
    69 | D:1      | Reached skill level 1 in Transmutations
    69 | D:1      | Reached XP level 2. HP: 15/15 MP: 1/5
   569 | D:1      | Reached XP level 3. HP: 19/19 MP: 4/6
   774 | D:1      | Learned a level 2 spell: Passwall
   994 | D:2      | Reached skill level 4 in Earth Magic
  1455 | D:2      | You fall into a shaft and drop 2 floors!
  1524 | D:4      | Found an ancient bone altar of Kikubaaqudgha.
  1588 | D:4      | Found Joik's Weapon Boutique.
  1612 | D:3      | Reached XP level 4. HP: 24/24 MP: 5/7
  1832 | D:3      | Found a faded altar of an unknown god.
  1936 | D:3      | Learned a level 3 spell: Stone Arrow
  1951 | D:3      | Killed from afar by an orc priest

Illustrated notes

Levels and vault maps discovered:
D:1:      dpeg_arrival_round_c, layout_loops_cross, serial_bayou_pond_a
D:2:      layout_basic
D:3:      layout_rooms, hellmonk_ecumenical_altar_blasted, chequers_big_river,
          ebering_dispersal_statue_hall, minmay_lizard_king
D:4:      layout_basic, pdpol_temple_overflow_zin_treasury_gozag_greed,
          lemuel_crystal_altar, nicolae_overflow_crystal_walls, serial_bayou,
          serial_bayou_lagoon_a, serial_bayou_shore_a, serial_bayou_shore_b,
          serial_bayou_crossing, serial_shops, shop, kennysheep_generic_room_5

Skill      XL: |  1  2  3  4 |
---------------+-------------+-----
Transmutations | 1 |  1.8
Earth Magic    | 4 |  4.5
Dodging        | 2 |  2.0
Stealth        | 3 |  3.0
Spellcasting   | |  2.8

Action                     |  1- 3 |  4- 6 || total
---------------------------+-------+-------++-------
  Melee: Unarmed           |     7 |    18 ||    25
   Cast: Sandblast         |    49 |    30 ||    79
 Armour: Robe              |     5 |    34 ||    39
         Skin              |     1 |       ||     1
  Dodge: Dodged            |    21 |    18 ||    39

Table legend: (Time is in decaauts)
 A = Elapsed time spent in this place.
 B = Non-inter-level travel time spent in this place.
 C = Inter-level travel time spent in this place.
 D = Time resting spent in this place.
 E = Time spent auto-exploring this place.
 F = Levels seen in this place.
 G = Mean time per level.
                   A        B        C        D        E       F      G
               +--------+--------+--------+--------+--------+-----+--------+
         Total |   1990 |   1959 |     31 |    157 |   1178 |   4 |  497.5 |
       Dungeon |   1990 |   1959 |     31 |    157 |   1178 |   4 |  497.5 |
               +--------+--------+--------+--------+--------+-----+--------+

Top non-repeatable levels by time:
     D:1: 934 daAuts
     D:2: 607 daAuts
     D:3: 300 daAuts
     D:4: 147 daAuts
